Map: Prion Terraces

Players

Miszu

  • Race: Terran Terran
  • League: Master

IlIlIIlIIlIl - Winner!

  • Race: Terran Terran
  • League: Master

VOD

Have the link to the VOD?

Description

Time

  • Played on: March 10, 2016, 3:35 p.m.
  • Length: 7:57
Show
View Real Time Build Order
Export as new Build Order

Miszu Terran 

Build Orders: MMM Bio 

Get SALT Encoding   

  12  0:01  SCV  
  13  0:13  SCV  
  14  0:19  Supply Depot  
  14  0:25  SCV  
  15  0:40  SCV  
  16  0:43  Barracks  
  16  0:47  Refinery  
  16  0:52  SCV  
  17  1:04  SCV  
  18  1:21  SCV  
  19  1:34  Orbital Command  
  19  1:36  Barracks Reactor  
  19  1:43  Command Center  
  19  1:52  Supply Depot  
  19  2:02  SCV  
  20  2:12  Marine x2  
  20  2:14  SCV  
  23  2:17  Factory  
  23  2:26  SCV  
  22  2:30  Marine x2  
  24  2:38  SCV  
  24  2:40  Refinery  
  25  2:48  Marine x2  
  25  2:50  SCV  
  28  2:55  Orbital Command  
  28  3:02  SCV  
  28  3:03  Starport  
  29  3:09  Factory Tech Lab  
  29  3:19  Marine x2, SCV  
  32  3:20  SCV  
  33  3:31  SCV  
  33  3:32  SCV  
  35  3:43  Marine x2, SCV  
  35  3:45  SCV  
  39  3:48  Supply Depot  
  39  3:49  Medivac, Siege Tank  
  39  3:55  SCV  
  45  3:57  SCV  
  46  4:10  Marine x2, SCV  
  49  4:18  SCV  
  49  4:20  Command Center  
  49  4:22  Barracks  
  49  4:23  Barracks  
  50  4:26  Starport Reactor  
  50  4:27  SCV  
  50  4:30  SCV  
  52  4:33  Refinery  
  52  4:35  Refinery  
  52  4:39  SCV  
  52  4:45  SCV  
  54  4:47  Supply Depot  
  54  4:49  Supply Depot  
  54  5:09  Marine x2, SCV x2  
  59  5:17  Barracks Tech Lab x2  
  60  5:21  Engineering Bay, SCV x2  
  60  5:22  Supply Depot, Engineering Bay  
  60  5:26  Marine  
  61  5:29  Marine  
  61  5:33  SCV x2  
  61  5:34  Orbital Command  
  64  5:36  Barracks  
  64  5:37  Barracks, Stimpack, Combat Shields  
  64  5:45  SCV x2  
  64  5:47  Marine  
  64  5:48  Terran Infantry Weapons Level 1, Terran Infantry Armor Level 1  
  67  5:50  Marine  
  67  5:51  Marine  
  69  5:57  SCV x2  
  69  6:01  Siege Tank  
  69  6:02  Medivac, Orbital Command  
  76  6:07  Supply Depot  
  76  6:09  Supply Depot, Marine, SCV x2  
  76  6:11  Marine  
  80  6:18  Marine  
  80  6:19  Marine  
  80  6:21  SCV x2  
  80  6:23  Marine  
  80  6:24  Medivac  
  87  6:27  Marine  
  87  6:28  Marine  
  87  6:30  SCV  
  87  6:31  Supply Depot  
  87  6:32  Supply Depot  
  90  6:34  SCV x2  
  90  6:36  Marine x2  
  95  6:42  Barracks Reactor x2, SCV  
  95  6:44  Marine  
  95  6:46  SCV x2  
  98  6:53  Marine  
  98  6:54  Marine, Siege Tank, SCV  
  103  6:55  Medivac x2  
  103  6:58  SCV x2  
  103  7:00  Refinery x2  
  103  7:01  Supply Depot  
  109  7:02  Supply Depot  
  109  7:06  SCV  
  110  7:08  Marine x2  
  110  7:11  Marine  
  110  7:13  Marine  
  114  7:17  Engineering Bay  
  114  7:18  Armory  
  114  7:19  Factory  
  114  7:20  SCV x2  
  114  7:21  SCV  
  117  7:26  Marine  
  117  7:29  Supply Depot, Marine  
  119  7:31  Supply Depot  
  119  7:32  SCV x2  
  119  7:33  SCV  
  125  7:44  SCV  
  135  7:53  Supply Depot  
  135  7:54  Supply Depot  
Show
View Real Time Build Order
Export as new Build Order

IlIlIIlIIlIl Terran - Winner!

Build Orders: Reaper Expand, MMM Bio 

Get SALT Encoding   

  12  0:01  SCV  
  13  0:13  SCV  
  14  0:17  Supply Depot  
  14  0:25  SCV  
  15  0:39  Barracks, SCV  
  16  0:43  Refinery  
  16  0:51  SCV  
  17  1:03  SCV  
  18  1:15  SCV  
  19  1:29  Reaper, Orbital Command  
  20  1:42  Command Center  
  20  1:55  SCV  
  20  1:59  Supply Depot, Refinery  
  21  2:11  Barracks Reactor  
  21  2:12  SCV  
  22  2:22  Factory  
  22  2:27  SCV  
  23  2:39  SCV  
  24  2:50  Marine x2  
  26  2:52  SCV  
  26  2:54  Orbital Command  
  27  3:04  SCV  
  28  3:07  Marine x2  
  31  3:20  Starport  
  31  3:22  SCV  
  31  3:23  SCV  
  31  3:26  Refinery  
  31  3:27  Marine x2, Factory Tech Lab  
  33  3:34  SCV  
  33  3:35  SCV  
  33  3:39  Supply Depot  
  35  3:45  Marine x2, Siege Tank  
  35  3:47  SCV x2  
  42  3:56  Viking  
  42  3:59  SCV x2  
  42  4:00  Supply Depot  
  46  4:07  Refinery, Marine x2  
  48  4:11  SCV x2  
  50  4:17  Barracks  
  50  4:18  Barracks  
  50  4:21  Siege Tank  
  50  4:23  SCV  
  54  4:26  SCV  
  54  4:30  Marine x2  
  57  4:35  SCV  
  57  4:38  Viking, SCV  
  61  4:47  SCV  
  61  4:48  Supply Depot x2  
  61  4:52  Supply Depot  
  62  4:56  SCV  
  62  5:02  Barracks Tech Lab  
  62  5:10  Siege Tank, SCV x2  
  67  5:16  Starport Reactor  
  67  5:18  Barracks Reactor, Barracks Tech Lab  
  67  5:23  Stimpack  
  67  5:24  Barracks  
  67  5:25  Barracks  
  67  5:27  SCV x2  
  69  5:34  Command Center  
  69  5:37  Combat Shields  
  69  5:38  Marine x2  
  69  5:41  SCV  
  72  5:44  SCV  
  73  5:53  SCV  
  73  5:55  Marine  
  75  5:57  Engineering Bay  
  75  5:59  Engineering Bay  
  75  6:00  Supply Depot, Marine  
  75  6:01  Supply Depot, Marine  
  77  6:05  SCV x2  
  77  6:08  Medivac  
  77  6:11  Medivac  
  83  6:15  Supply Depot  
  83  6:18  Supply Depot, Marine  
  84  6:19  Barracks Reactor  
  84  6:29  SCV  
  84  6:30  Sensor Tower, SCV  
  84  6:31  Marine  
  84  6:32  Marine  
  88  6:35  Marine x2  
  88  6:38  Marine x2  
  92  6:43  Medivac x2  
  97  6:47  SCV  
  97  6:48  Orbital Command  
  97  6:49  Marine  
  97  6:50  Marine  
  97  6:52  SCV  
  100  6:57  Siege Tank  
  100  6:59  SCV  
  104  7:03  Marine  
  104  7:07  Marine  
  104  7:08  Marine x4  
  106  7:09  Marine x2  
  106  7:15  Orbital Command  
  109  7:21  Marine  
  110  7:24  Marine  
  110  7:26  Marine x2  
  118  7:36  Armory  
  118  7:40  SCV x2  
  118  7:42  SCV  
Tags
 
Add a new tag
Caveats
  • Supply blocks, unpowered buildings, or Contaminate may cause inaccurate times.
  • Supply counts are checked every 10 seconds.